SL
GRAFTON MIDDIES @ THUNDER BAY NORTHERN LIONS BC
08/03/2030
 
TOP OF THE 1ST
Grafton Middies batting - Pitching for Thunder Bay Northern Lions BC : RHP Anatoly Ivanovich
Pitching: RHP Anatoly Ivanovich
Batting: RHB Pedro Santos 0-0: Foul Ball, location: 2F
0-1: Foul Ball, location: 2F
0-2: Ground out U3 (Groundball, 3L)
Batting: RHB Carlos Maldonado 0-0: Ball
1-0: Swinging Strike
1-1: Ball
2-1: Fly out, F7 (Line Drive, 7LD)
Batting: LHB Mario Ramos 0-0: Ball
1-0: Ball
2-0: SINGLE (Line Drive, 5L)
Batting: RHB Stefano Gaddi 0-0: Called Strike
0-1: Ball
1-1: Ball
2-1: Ball
3-1: SINGLE (Groundball, 56D)
Mario Ramos to second
Batting: SHB Leonard O'Connor 0-0: Called Strike
0-1: Ball
1-1: Foul Ball, location: 2F
1-2: Ball
2-2: Strikes out swinging
Top of the 1st over - 0 runs, 2 hits, 0 errors, 2 left on base; Grafton 0 - Thunder Bay 0
BOTTOM OF THE 1ST
Thunder Bay Northern Lions BC batting - Pitching for Grafton Middies : RHP Robbie Baxter
Pitching: RHP Robbie Baxter
Batting: LHB Luis Freitas 0-0: Hit by Pitch
Batting: RHB Joe Aller 0-0: Called Strike
Luis Freitas steals 2nd base
0-1: DOUBLE (Flyball, 9)
Luis Freitas scores
Batting: RHB Xavier Pérez 0-0: Foul Ball, location: 2F
0-1: Foul Ball, location: 2F
0-2: Ball
1-2: Strikes out swinging
Batting: RHB Carlos Padilla 0-0: Ball
Throwing error on steal attempt, E2
Joe Aller scores
1-0: Ball
2-0: Foul Ball, location: 2F
2-1: Called Strike
2-2: Fly out, F5 (Popup, 15)
Batting: SHB Terumoto Kurihara 0-0: Called Strike
0-1: Called Strike
0-2: Ball
1-2: Strikes out swinging, 2-3 out at first.
Bottom of the 1st over - 2 runs, 1 hit, 1 error, 0 left on base; Grafton 0 - Thunder Bay 2
TOP OF THE 2ND
Grafton Middies batting - Pitching for Thunder Bay Northern Lions BC : RHP Anatoly Ivanovich
Batting: LHB Jorge Flores 0-0: Ground out 4-3 (Groundball, 4)
Batting: LHB John Meléndez 0-0: Fly out, F9 (Line Drive, 9)
Batting: LHB Juan Caro 0-0: Called Strike
0-1: Ball
1-1: Called Strike
1-2: Hit by Pitch
Batting: RHB Ramón Gómez 0-0: Ball
1-0: Called Strike
1-1: Called Strike
1-2: Ball
2-2: Foul Ball, location: 2F
2-2: Ball
3-2: Fly out, F7 (Flyball, 7LMF)
Top of the 2nd over - 0 runs, 0 hits, 0 errors, 1 left on base; Grafton 0 - Thunder Bay 2
BOTTOM OF THE 2ND
Thunder Bay Northern Lions BC batting - Pitching for Grafton Middies : RHP Robbie Baxter
Batting: LHB Gilberto Jiménez 0-0: Ball
1-0: Called Strike
1-1: Ball
2-1: Foul Ball, location: 2F
2-2: Ground out 1-3 (Groundball, 13S)
Batting: RHB Rafael Pueblo 0-0: Called Strike
0-1: Ball
1-1: Ball
2-1: Called Strike
2-2: Fly out, F8 (Flyball, 8LD)
Batting: RHB Showander Descarte 0-0: Foul Ball, location: 2F
0-1: Called Strike
0-2: Foul Ball, location: 2F
0-2: Strikes out swinging
Bottom of the 2nd over - 0 runs, 0 hits, 0 errors, 0 left on base; Grafton 0 - Thunder Bay 2
TOP OF THE 3RD
Grafton Middies batting - Pitching for Thunder Bay Northern Lions BC : RHP Anatoly Ivanovich
Batting: RHB Pedro Santos 0-0: Ball
1-0: Ball
2-0: Swinging Strike
2-1: SINGLE (Line Drive, 4M)
Batting: RHB Carlos Maldonado 0-0: Foul Ball, location: 2F
0-1: Ball
1-1: SINGLE (Line Drive, 8RS)
Pedro Santos to second
Pedro Santos to third
Batting: LHB Mario Ramos 0-0: Ball
1-0: Ball
2-0: Called Strike
2-1: Foul Ball, location: 2F
2-2: Strikes out swinging
Batting: RHB Stefano Gaddi 0-0: Ball
Carlos Maldonado is caught stealing 2nd base
1-0: Foul Ball, location: 2F
1-1: Ground out 5-3 (Groundball, 56S)
Top of the 3rd over - 0 runs, 2 hits, 0 errors, 1 left on base; Grafton 0 - Thunder Bay 2
BOTTOM OF THE 3RD
Thunder Bay Northern Lions BC batting - Pitching for Grafton Middies : RHP Robbie Baxter
Batting: RHB Edgardo Castro 0-0: Ball
1-0: Called Strike
1-1: Called Strike
1-2: Ball
2-2: Fly out, F8 (Flyball, 8LD)
Batting: LHB Luis Freitas 0-0: Ball
1-0: Ball
2-0: SINGLE (Groundball, 34D)
Batting: RHB Joe Aller 0-0: SINGLE (Line Drive, 34D)
Luis Freitas to second
Batting: RHB Xavier Pérez 0-0: 3-RUN HOME RUN (Flyball, 78XD), Distance : 432 ft
Batting: RHB Carlos Padilla 0-0: Ball
1-0: Ball
2-0: Ground out U3 (Groundball, 34)
Batting: SHB Terumoto Kurihara 0-0: Ball
1-0: Ball
2-0: Foul Ball, location: 2F
2-1: Ground out 5-3 (Groundball, 56)
Bottom of the 3rd over - 3 runs, 3 hits, 0 errors, 0 left on base; Grafton 0 - Thunder Bay 5
TOP OF THE 4TH
Grafton Middies batting - Pitching for Thunder Bay Northern Lions BC : RHP Anatoly Ivanovich
Batting: SHB Leonard O'Connor 0-0: Swinging Strike
0-1: Ball
1-1: Swinging Strike
1-2: Ground out 5-3 (Groundball, 56S)
Batting: LHB Jorge Flores 0-0: Called Strike
0-1: Swinging Strike
0-2: Strikes out swinging
Batting: LHB John Meléndez 0-0: Swinging Strike
0-1: Ball
1-1: Foul Ball, location: 2F
1-2: Strikes out looking
Top of the 4th over - 0 runs, 0 hits, 0 errors, 0 left on base; Grafton 0 - Thunder Bay 5
BOTTOM OF THE 4TH
Thunder Bay Northern Lions BC batting - Pitching for Grafton Middies : RHP Robbie Baxter
Batting: LHB Gilberto Jiménez 0-0: Ball
1-0: Ball
2-0: Called Strike
2-1: Ball
3-1: Swinging Strike
3-2: Base on Balls
Batting: RHB Rafael Pueblo 0-0: Ball
1-0: Ground out 6-3 (Groundball, 6S)
Gilberto Jiménez to second
Batting: RHB Showander Descarte 0-0: Swinging Strike
0-1: Ball
1-1: Called Strike
1-2: Foul Ball, location: 2F
1-2: Ball
2-2: Ground out 1-3 (Groundball, 13S)
Gilberto Jiménez to third
Batting: RHB Edgardo Castro 0-0: Ball
1-0: Foul Ball, location: 2F
1-1: DOUBLE (Line Drive, 8LXD)
Gilberto Jiménez scores
Batting: LHB Luis Freitas 0-0: Ball
1-0: Foul Ball, location: 2F
1-1: Ball
2-1: Foul Ball, location: 2F
2-2: Ground out 4-3 (Groundball, 4M)
Bottom of the 4th over - 1 run, 1 hit, 0 errors, 1 left on base; Grafton 0 - Thunder Bay 6
TOP OF THE 5TH
Grafton Middies batting - Pitching for Thunder Bay Northern Lions BC : RHP Anatoly Ivanovich
Batting: LHB Juan Caro 0-0: Ball
1-0: Called Strike
1-1: Ball
2-1: SINGLE (Groundball, 6S) (infield hit)
Batting: RHB Ramón Gómez 0-0: Ball
1-0: Foul Ball, location: 2F
1-1: Ball
2-1: Ball
3-1: Foul Ball, location: 2F
3-2: Grounds into double play, 4-6-3 (Groundball, 4M)
Batting: RHB Pedro Santos 0-0: Ball
1-0: Ground out 3-1 (Groundball, 34S)
Top of the 5th over - 0 runs, 1 hit, 0 errors, 0 left on base; Grafton 0 - Thunder Bay 6
BOTTOM OF THE 5TH
Thunder Bay Northern Lions BC batting - Pitching for Grafton Middies : RHP Robbie Baxter
Batting: RHB Joe Aller 0-0: Hit by Pitch
Batting: RHB Xavier Pérez 0-0: Grounds into double play, 6-4-3 (Groundball, 6D)
Batting: RHB Carlos Padilla 0-0: Ball
1-0: Ball
2-0: Ground out 3-1 (Groundball, 34S)
Bottom of the 5th over - 0 runs, 0 hits, 0 errors, 0 left on base; Grafton 0 - Thunder Bay 6
TOP OF THE 6TH
Grafton Middies batting - Pitching for Thunder Bay Northern Lions BC : RHP Anatoly Ivanovich
Batting: RHB Carlos Maldonado 0-0: Ball
1-0: Ball
2-0: Foul Ball, location: 2F
2-1: Foul Ball, location: 2F
2-2: Foul Ball, location: 2F
2-2: Foul Ball, location: 2F
2-2: Foul Ball, location: 2F
2-2: Strikes out swinging
Batting: LHB Mario Ramos 0-0: Ball
1-0: Called Strike
1-1: Foul Ball, location: 2F
1-2: Ball
2-2: Ball
3-2: SINGLE (Groundball, 6MD)
Batting: RHB Stefano Gaddi 0-0: Called Strike
0-1: Ball
1-1: Ball
2-1: Foul Ball, location: 2F
2-2: Ball
3-2: Foul Ball, location: 2F
3-2: Fly out, F8 (Flyball, 89S)
Batting: SHB Leonard O'Connor 0-0: Fly out, F2 (Popup, 23F)
Top of the 6th over - 0 runs, 1 hit, 0 errors, 1 left on base; Grafton 0 - Thunder Bay 6
BOTTOM OF THE 6TH
Thunder Bay Northern Lions BC batting - Pitching for Grafton Middies : RHP Robbie Baxter
Pitching: RHP António Marés
Batting: SHB Terumoto Kurihara 0-0: Foul Ball, location: 2F
0-1: Ball
1-1: Foul Ball, location: 2F
1-2: Foul Ball, location: 2F
1-2: Foul Ball, location: 2F
1-2: SINGLE (Line Drive, 5)
Batting: LHB Gilberto Jiménez 0-0: Ball
1-0: Ball
2-0: Ball
3-0: Base on Balls
Terumoto Kurihara to second
Batting: RHB Rafael Pueblo 0-0: Ball
1-0: Ball
2-0: Ball
3-0: Base on Balls
Terumoto Kurihara to third
Gilberto Jiménez to second
Batting: RHB Showander Descarte 0-0: Called Strike
0-1: Fly out, F7 (Line Drive, 7LM)
Runner from 3rd tags up, SCORES, no throw
Batting: RHB Edgardo Castro 0-0: Ball
1-0: Grounds into double play, 4-6-3 (Groundball, 34)
Bottom of the 6th over - 1 run, 1 hit, 0 errors, 1 left on base; Grafton 0 - Thunder Bay 7
TOP OF THE 7TH
Grafton Middies batting - Pitching for Thunder Bay Northern Lions BC : RHP Anatoly Ivanovich
Batting: LHB Jorge Flores 0-0: Called Strike
0-1: Swinging Strike
0-2: Ball
1-2: Ball
2-2: Ground out 6-3 (Groundball, 6M)
Batting: LHB John Meléndez 0-0: Called Strike
0-1: SINGLE (Line Drive, 34)
Batting: LHB Juan Caro 0-0: Foul Ball, location: 2F
0-1: Ball
1-1: Foul Ball, location: 2F
1-2: Fly out, F9 (Flyball, 89M)
Batting: RHB Ramón Gómez 0-0: Called Strike
0-1: DOUBLE (Flyball, 89D)
John Meléndez to third
Batting: RHB Pedro Santos 0-0: Ball
1-0: Ball
2-0: Ball
3-0: Base on Balls
Batting: RHB Carlos Maldonado 0-0: Called Strike
0-1: Ball
1-1: Fly out, F6 (Line Drive, 6)
Top of the 7th over - 0 runs, 2 hits, 0 errors, 3 left on base; Grafton 0 - Thunder Bay 7
BOTTOM OF THE 7TH
Thunder Bay Northern Lions BC batting - Pitching for Grafton Middies : RHP António Marés
Batting: LHB Luis Freitas 0-0: Called Strike
0-1: Foul Ball, location: 2F
0-2: Fly out, F9 (Line Drive, 89M)
Batting: RHB Joe Aller 0-0: Called Strike
0-1: Foul Ball, location: 2F
0-2: Foul Ball, location: 2F
0-2: Ball
1-2: Ball
2-2: Ball
3-2: SINGLE (Groundball, 56D)
Batting: RHB Xavier Pérez 0-0: Called Strike
0-1: Ball
1-1: Ball
2-1: Ball
3-1: Base on Balls
Joe Aller to second
Batting: RHB Carlos Padilla 0-0: Ball
1-0: Called Strike
1-1: Ball
2-1: Called Strike
2-2: Grounds into double play, 3-6-3 (Groundball, 3)
Bottom of the 7th over - 0 runs, 1 hit, 0 errors, 1 left on base; Grafton 0 - Thunder Bay 7
TOP OF THE 8TH
Grafton Middies batting - Pitching for Thunder Bay Northern Lions BC : RHP Anatoly Ivanovich
Batting: LHB Mario Ramos 0-0: Ball
1-0: Foul Ball, location: 2F
1-1: Ground out 4-3 (Groundball, 4)
Batting: RHB Stefano Gaddi 0-0: Ball
1-0: Fly out, F9 (Flyball, 9LMF)
Batting: SHB Leonard O'Connor 0-0: Called Strike
0-1: Foul Ball, location: 2F
0-2: Ball
1-2: Ball
2-2: Fly out, F6 (Popup, 6M)
Top of the 8th over - 0 runs, 0 hits, 0 errors, 0 left on base; Grafton 0 - Thunder Bay 7
BOTTOM OF THE 8TH
Thunder Bay Northern Lions BC batting - Pitching for Grafton Middies : RHP António Marés
Batting: SHB Terumoto Kurihara 0-0: SOLO HOME RUN (Flyball, 9LD), Distance : 331 ft
Batting: LHB Gilberto Jiménez 0-0: Ball
1-0: Ball
2-0: Foul Ball, location: 2F
2-1: Fly out, F6 (Popup, 6M)
Batting: RHB Rafael Pueblo 0-0: Foul Ball, location: 2F
0-1: Fly out, F9 (Flyball, 89M)
Batting: RHB Showander Descarte 0-0: Ground out 5-3 (Groundball, 56)
Bottom of the 8th over - 1 run, 1 hit, 0 errors, 0 left on base; Grafton 0 - Thunder Bay 8
TOP OF THE 9TH
Grafton Middies batting - Pitching for Thunder Bay Northern Lions BC : RHP Anatoly Ivanovich
Batting: LHB Jorge Flores 0-0: Ball
1-0: Foul Ball, location: 2F
1-1: Foul Ball, location: 2F
1-2: Ball
2-2: SINGLE (Line Drive, 8LS)
Pitching: RHP Tyler MacHugh
Batting: LHB John Meléndez 0-0: Ball
1-0: Ball
2-0: Called Strike
2-1: Foul Ball, location: 2F
2-2: Ball
3-2: Foul Ball, location: 2F
3-2: Foul Ball, location: 2F
3-2: Base on Balls
Jorge Flores to second
Batting: LHB Juan Caro 0-0: Ball
1-0: Called Strike
1-1: Foul Ball, location: 2F
1-2: Ball
2-2: Fielders Choice at 2nd, 3-6 (Groundball, 3)
Jorge Flores to third
Batting: RHB Ramón Gómez 0-0: SINGLE (Groundball, 25) (infield hit)
Jorge Flores scores
Juan Caro to second
Batting: RHB Pedro Santos 0-0: Ball
1-0: Ball
2-0: Foul Ball, location: 2F
2-1: Foul Ball, location: 2F
2-2: Ball
3-2: DOUBLE (Flyball, 89D)
Juan Caro scores
Ramón Gómez to third
Batting: RHB Carlos Maldonado 0-0: Called Strike
0-1: Fly out, F6 (Line Drive, 6)
Batting: LHB Mario Ramos 0-0: Called Strike
0-1: Ball
1-1: Swinging Strike
1-2: Ball
2-2: Foul Ball, location: 2F
2-2: Strikes out swinging
Top of the 9th over - 2 runs, 3 hits, 0 errors, 2 left on base; Grafton 2 - Thunder Bay 8
Sunday, March 18th, 2018 - OOTP Baseball 18.8 Build 76